 Dungeon Crawl Stone Soup version 0.30-a0-782-ge64f9170bb (webtiles) character file.

Game seed: 14786142625327898416

665 Dirian the Chopper (level 7, 0/61 HPs)
             Began as a Minotaur Fighter on Mar 6, 2023.
             Slain by a hound (1 damage)
             ... on level 5 of the Dungeon.
             The game lasted 00:05:05 (4232 turns).

Dirian the Chopper (Minotaur Fighter)               Turns: 4232, Time: 00:05:06

Health: 0/61       AC: 10    Str: 22    XL:     7   Next: 31%
Magic:  6/6        EV:  8    Int:  5    God:
Gold:   238        SH:  4    Dex: 10    Spells: 6/6 levels left

rFire   . . .      SeeInvis +    a - +0 war axe (freeze)
rCold   . . .      Faith    .    c - +0 buckler
rNeg    . . .      Spirit   .    s - +0 chain mail
rPois   .          Reflect  .    (helmet restricted)
rElec   .          Harm     .    (no cloak)
rCorr   .          Rampage  .    (no gloves)
Will    +....                    (no boots) Stlth
                                 (no amulet)
HPRegen 0.30/turn                j - ring of see invisible
MPRegen 0.10/turn                w - ring of willpower

@: brilliant, lethally poisoned (0 -> -3)
A: horns 2, retaliatory headbutt
a: no special abilities


You were on level 5 of the Dungeon.
You visited 1 branch of the dungeon, and saw 5 of its levels.

You collected 238 gold pieces.

Inventory:

Hand Weapons
 a - a +0 war axe of freezing (weapon)
 i - a +0 war axe
Armour
 c - a +0 buckler (worn)
 o - a +0 plate armour
 s - a +0 chain mail (worn)
Jewellery
 j - a ring of see invisible (left hand)
 w - a ring of willpower (right hand)
 y - a ring of positive energy
Scrolls
 m - a scroll of immolation
 t - 2 scrolls of teleportation
Potions
 d - a potion of might
 f - a potion of cancellation
 h - a potion of haste
 k - a potion of ambrosia
 l - a potion of mutation
 q - 2 potions of attraction
 x - a potion of heal wounds {unknown}


   Skills:
 + Level 5.3 Fighting
 + Level 6.6 Axes
 + Level 6.1 Armour
 + Level 2.1 Dodging
 + Level 4.3 Shields


You had 6 spell levels left.
You didn't know any spells.
Your spell library contained the following spells:

 Spells                   Type           Power      Damage    Failure   Level
 Blink                    Tloc           0%         N/A       100%        2
 Lesser Beckoning         Tloc           0%         N/A       100%        2
 Momentum Strike          Conj/Tloc      0%         3d8       100%        2
 Ozocubu's Armour         Ice            0%         N/A       100%        3
 Ozocubu's Refrigeration  Ice            0%         4d7       100%        7


Dungeon Overview and Level Annotations

Branches:
Dungeon (5/15) Zot: 25699
 Temple: D:4-7

Altars:
Fedhas
Sif Muna
Vehumet

Annotations:
D:5 Ijyb


Innate Abilities, Weirdness & Mutations

You have a pair of horns on your head.
You reflexively headbutt those who attack you in melee.


Message History

You slash the orc wizard! You freeze the orc wizard.
You kill the orc wizard!
You hit the hound. You freeze the hound. The hound bites you.
* * * LOW HITPOINT WARNING * * *
The orc priest hits you but does no damage.
The shadow imp hits you but does no damage.
The hound bites you but does no damage.
You closely miss the orc priest. You hit the shadow imp.
You barely miss the hound. The hound bites you but does no damage.
You block the orc priest's attack. The shadow imp hits you.
* * * LOW HITPOINT WARNING * * *
The hound bites you but does no damage.
You hit the orc priest but do no damage.
You headbutt the orc priest!
The orc priest is heavily wounded.
You closely miss the shadow imp. You closely miss Ijyb.
You closely miss the hound. The orc priest barely misses you.
Ijyb hits you with a +3 dagger of venom.
* * * LOW HITPOINT WARNING * * *
The shadow imp barely misses you. You furiously retaliate!
You headbutt the shadow imp!
You kill the shadow imp!
You block the hound's attack. The orc priest hits you with a +0 club.
* * * LOW HITPOINT WARNING * * *
Ijyb hits you with a +3 dagger of venom.
* * * LOW HITPOINT WARNING * * *
You are poisoned.
You closely miss the orc priest. You headbutt the orc priest!
You kill the orc priest!
You closely miss Ijyb. You miss the hound.
* * * LOW HITPOINT WARNING * * *
You feel very sick. You block the hound's attack. The hound bites you.
* * * LOW HITPOINT WARNING * * *
You block Ijyb's attack.
It was a potion of brilliance.
You feel clever all of a sudden.
* * * LOW HITPOINT WARNING * * *
You feel sick. The hound bites you.
You die...
P_

.# P. .# #. .# #.
.# #. ###.# ..
##.###...#
....#P).##)..######
......g@..†<.......
...[..h)...........
...................
......#####........
...... #........
#....P #.....?..
#...( #........
#.... ##...)...
######


You could see Ijyb and a hound.

Vanquished Creatures
  A water moccasin (D:5)
  A black bear (D:5)
  An ice beast (D:3)
  An orc priest (D:5)
  A jelly (D:4)
  2 hounds
  An orc wizard (D:5)
  7 gnolls
  6 adders
  A shadow imp (D:5)
  A dart slug (D:2)
  9 orcs
  12 endoplasms
  3 giant cockroaches
  6 hobgoblins
  11 jackals
  2 quokkas
  6 ball pythons
  7 bats
  8 frilled lizards
  8 goblins
  9 kobolds
  6 rats
110 creatures vanquished.

Vanquished Creatures (others)
  A plant (D:5)
1 creature vanquished.

Grand Total: 111 creatures vanquished

Notes
Turn   | Place    | Note
-------+----------+-------------------------------------------
     0 | D:1      | Dirian the Minotaur Fighter began the quest for the Orb.
     0 | D:1      | Reached XP level 1. HP: 19/19 MP: 0/0
   243 | D:1      | Reached XP level 2. HP: 22/27 MP: 1/1
   401 | D:1      | You fall into a shaft and drop 1 floor!
   604 | D:1      | Reached XP level 3. HP: 32/33 MP: 2/2
   996 | D:1      | Found a faded altar of an unknown god.
  1264 | D:2      | Identified the +1 ring mail "Xuommes" {Dex+2}
  1409 | D:2      | Reached XP level 4. HP: 40/40 MP: 3/3
  2044 | D:3      | Found a shimmering blue altar of Sif Muna.
  2340 | D:3      | Reached XP level 5. HP: 20/47 MP: 4/4
  2528 | D:3      | Reached skill level 1 in Dodging
  2590 | D:3      | Noticed an ice beast
  2594 | D:3      | Killed an ice beast
  2595 | D:3      | Reached XP level 6. HP: 55/55 MP: 5/5
  3167 | D:4      | Reached skill level 5 in Armour
  3199 | D:4      | Reached skill level 5 in Axes
  3298 | D:4      | Found a radiant altar of Vehumet.
  3617 | D:4      | Reached skill level 5 in Fighting
  4202 | D:5      | Entered Level 5 of the Dungeon
  4202 | D:5      | Noticed a water moccasin
  4212 | D:5      | Killed a water moccasin
  4219 | D:5      | Reached XP level 7. HP: 35/61 MP: 6/6
  4223 | D:5      | Found a blossoming altar of Fedhas.
  4224 | D:5      | Noticed Ijyb
  4231 | D:5      | HP: 2/61 [hound (3)]
  4232 | D:5      | Slain by a hound

Illustrated notes

Levels and vault maps discovered:
D:1:      amcnicky_arrival_choice, layout_basic,
          dilly_ecumenical_altar_fadedgnrine, minmay_misc_feat_alley,
          minmay_surrounded
D:2:      layout_basic
D:3:      layout_basic, lemuel_crystal_altar
D:4:      layout_layer_cave, nicolae_vehumet_radiance
D:5:      layout_basic, fedhas_altar_decomposition,
          mainiacjoe_overflow_six_doors_small, mainiacjoe_overflow_tiny_flanked,
          chequers_serial_rivers_marsh, uniq_ijyb, uniq_blork_the_orc

Skill      XL: |  1  2  3  4  5  6 |
---------------+-------------------+-----
Shields        | 4 |  4.3
Armour         | 4 6 |  6.1
Fighting       | 4 5 |  5.3
Axes           | 3 4 6 |  6.6
Dodging        | 2 |  2.1

Action                     |  1- 3 |  4- 6 |  7- 9 || total
---------------------------+-------+-------+-------++-------
  Melee: War axe           |    96 |   101 |     8 ||   205
         Headbutt          |    12 |    17 |     3 ||    32
    Use: Scroll            |       |    13 |       ||    13
         Potion            |       |       |     1 ||     1
 Armour: Scale mail        |    69 |    22 |       ||    91
         Chain mail        |       |    26 |    10 ||    36
  Dodge: Dodged            |    51 |    53 |     4 ||   108
  Block: Buckler           |    30 |    22 |     6 ||    58

Table legend: (Time is in decaauts)
 A = Elapsed time spent in this place.
 B = Non-inter-level travel time spent in this place.
 C = Inter-level travel time spent in this place.
 D = Time resting spent in this place.
 E = Time spent auto-exploring this place.
 F = Levels seen in this place.
 G = Mean time per level.
                   A        B        C        D        E       F      G
               +--------+--------+--------+--------+--------+-----+--------+
         Total |   4299 |   4073 |    226 |      2 |   3439 |   5 |  859.8 |
       Dungeon |   4299 |   4073 |    226 |      2 |   3439 |   5 |  859.8 |
               +--------+--------+--------+--------+--------+-----+--------+

Top non-repeatable levels by time:
     D:3: 1213 daAuts
     D:1: 1081 daAuts
     D:4: 1070 daAuts
     D:2: 900 daAuts
     D:5: 33 daAuts
